MWL (24 & UNDER)
CINCINNATI PRIDE @ WISCONSIN RAPIDS RANGERS
04/05/2023
 
TOP OF THE 1ST
Cincinnati Pride batting - Pitching for Wisconsin Rapids Rangers : LHP Manuel Perea
Pitching: LHP Manuel Perea
Batting: SHB Nick Marshall 0-0: Called Strike
0-1: Ground out 5-3 (Groundball, 56)
Batting: LHB Ricardo Brandariz 0-0: SINGLE (Line Drive, 56)
Batting: RHB Fernando Díaz 0-0: Grounds into double play, 5-4-3 (Groundball, 5)
Top of the 1st over - 0 run(s), 1 hit(s), 0 error(s), 0 left on base; Cincinnati 0 - Wisconsin Rapids 0
BOTTOM OF THE 1ST
Wisconsin Rapids Rangers batting - Pitching for Cincinnati Pride : RHP José Gómez
Pitching: RHP José Gómez
Batting: LHB Ramón Córdova 0-0: Ball
1-0: Fly out, F8 (Flyball, 8RM)
Batting: RHB John Hursted 0-0: Ball
1-0: Ball
2-0: Ball
3-0: Base on Balls
Batting: RHB Tom Thompson 0-0: Ball
1-0: Called Strike
1-1: Foul Ball, location: 2F
1-2: Strikes out looking
Batting: RHB Kirk Powell 0-0: Ball
1-0: Ball
2-0: Ball
3-0: Base on Balls
John Hursted to second
Batting: RHB Arturo Rodríguez 0-0: Ball
1-0: Ball
2-0: Foul Ball, location: 2F
2-1: Foul Ball, location: 2F
2-2: Foul Ball, location: 2F
2-2: Foul Ball, location: 2F
2-2: Ground out 1-3 (Groundball, 23)
Bottom of the 1st over - 0 run(s), 0 hit(s), 0 error(s), 2 left on base; Cincinnati 0 - Wisconsin Rapids 0
TOP OF THE 2ND
Cincinnati Pride batting - Pitching for Wisconsin Rapids Rangers : LHP Manuel Perea
Batting: LHB Robin Hill 0-0: Ball
1-0: Ball
2-0: Called Strike
2-1: Foul Ball, location: 2F
2-2: SINGLE (Line Drive, 34)
Batting: RHB Francisco Rincón 0-0: Ground out 6-3 (Groundball, 6MS)
Robin Hill to second
Batting: RHB Roberto Chávez 0-0: Called Strike
0-1: Swinging Strike
0-2: Ball
1-2: Reached on error, E6 (Groundball, 6)
Robin Hill scores
Batting: RHB Peter Sexton 0-0: Called Strike
Roberto Chávez steals 3rd base
0-1: Ball
1-1: Swinging Strike
1-2: Fly out, F9 (Flyball, 9S)
Runner from 3rd tags up, SCORES, throw made
Batting: RHB Alden Isenhood 0-0: Called Strike
0-1: Ball
1-1: Swinging Strike
1-2: Ball
2-2: Foul Ball, location: 2F
2-2: Ball
3-2: Strikes out looking
Top of the 2nd over - 2 run(s), 1 hit(s), 1 error(s), 0 left on base; Cincinnati 2 - Wisconsin Rapids 0
BOTTOM OF THE 2ND
Wisconsin Rapids Rangers batting - Pitching for Cincinnati Pride : RHP José Gómez
Batting: RHB James Green 0-0: Called Strike
0-1: Foul Ball, location: 2F
0-2: Foul Ball, location: 2F
0-2: Ground out 6-3 (Groundball, 6M)
Batting: RHB Danny Campbell 0-0: Called Strike
0-1: Foul Ball, location: 2F
0-2: Ground out 6-3 (Groundball, 6M)
Batting: RHB Ray Little 0-0: Ball
1-0: Fly out, F5 (Line Drive, 5S)
Bottom of the 2nd over - 0 run(s), 0 hit(s), 0 error(s), 0 left on base; Cincinnati 2 - Wisconsin Rapids 0
TOP OF THE 3RD
Cincinnati Pride batting - Pitching for Wisconsin Rapids Rangers : LHP Manuel Perea
Batting: RHB Gabriel Villegas 0-0: Ball
1-0: Ball
2-0: Ball
3-0: Called Strike
3-1: Base on Balls
Batting: SHB Nick Marshall 0-0: Called Strike
0-1: Foul Ball, location: 2F
0-2: Hit by Pitch
Gabriel Villegas to second
Batting: LHB Ricardo Brandariz 0-0: Grounds into double play, 1-6-3 (Groundball, 15)
Gabriel Villegas to third
Batting: RHB Fernando Díaz 0-0: Ball
1-0: Ground out U3 (Groundball, 3S)
Top of the 3rd over - 0 run(s), 0 hit(s), 0 error(s), 1 left on base; Cincinnati 2 - Wisconsin Rapids 0
BOTTOM OF THE 3RD
Wisconsin Rapids Rangers batting - Pitching for Cincinnati Pride : RHP José Gómez
Batting: LHB Ron Robinson 0-0: Reached on error, E5 (Groundball, 5S)
Batting: LHB Ramón Córdova 0-0: Ball
1-0: Foul Ball, location: 2F
1-1: Ball
2-1: Called Strike
2-2: Fly out, F7 (Flyball, 7LS)
Batting: RHB John Hursted 0-0: Called Strike
0-1: Ground out 4-3 (Groundball, 4MD)
Ron Robinson to second
Batting: RHB Tom Thompson 0-0: Ball
1-0: Hit by Pitch
Batting: RHB Kirk Powell 0-0: Swinging Strike
0-1: Ball
1-1: Ball
2-1: Ball
3-1: Base on Balls
Ron Robinson to third
Tom Thompson to second
Batting: RHB Arturo Rodríguez 0-0: Called Strike
0-1: Ball
1-1: Ball
2-1: Fly out, F9 (Popup, 9S)
Bottom of the 3rd over - 0 run(s), 0 hit(s), 1 error(s), 3 left on base; Cincinnati 2 - Wisconsin Rapids 0
TOP OF THE 4TH
Cincinnati Pride batting - Pitching for Wisconsin Rapids Rangers : LHP Manuel Perea
Batting: LHB Robin Hill 0-0: Ball
1-0: Called Strike
1-1: Ball
2-1: SINGLE (Groundball, 4M)
Batting: RHB Francisco Rincón 0-0: Foul Ball, location: 2F
0-1: Ball
1-1: Grounds into double play, 5-4-3 (Groundball, 5)
Batting: RHB Roberto Chávez 0-0: Ball
1-0: Foul Ball, location: 2F
1-1: Foul Ball, location: 2F
1-2: Ball
2-2: Strikes out swinging
Top of the 4th over - 0 run(s), 1 hit(s), 0 error(s), 0 left on base; Cincinnati 2 - Wisconsin Rapids 0
BOTTOM OF THE 4TH
Wisconsin Rapids Rangers batting - Pitching for Cincinnati Pride : RHP José Gómez
Batting: RHB James Green 0-0: Foul Ball, location: 2F
0-1: Called Strike
0-2: Ball
1-2: Ground out 6-3 (Groundball, 6)
Batting: RHB Danny Campbell 0-0: Called Strike
0-1: Foul Ball, location: 2F
0-2: Foul Ball, location: 2F
0-2: Ball
1-2: Fly out, F9 (Flyball, 9M)
Batting: RHB Ray Little 0-0: Foul Ball, location: 2F
0-1: Ball
1-1: Ground out 4-3 (Groundball, 4)
Bottom of the 4th over - 0 run(s), 0 hit(s), 0 error(s), 0 left on base; Cincinnati 2 - Wisconsin Rapids 0
TOP OF THE 5TH
Cincinnati Pride batting - Pitching for Wisconsin Rapids Rangers : LHP Manuel Perea
Batting: RHB Peter Sexton 0-0: Ball
1-0: Swinging Strike
1-1: Called Strike
1-2: Strikes out swinging
Batting: RHB Alden Isenhood 0-0: SINGLE (Groundball, 6D)
Batting: RHB Gabriel Villegas 0-0: Ball
1-0: Swinging Strike
1-1: Ball
2-1: Swinging Strike
2-2: Strikes out swinging
Batting: SHB Nick Marshall 0-0: Called Strike
0-1: Ball
1-1: Ball
2-1: Foul Ball, location: 2F
2-2: Ball
3-2: Ground out 5-3 (Groundball, 56)
Top of the 5th over - 0 run(s), 1 hit(s), 0 error(s), 1 left on base; Cincinnati 2 - Wisconsin Rapids 0
BOTTOM OF THE 5TH
Wisconsin Rapids Rangers batting - Pitching for Cincinnati Pride : RHP José Gómez
Batting: LHB Ron Robinson 0-0: Foul Ball, location: 2F
0-1: Ball
1-1: Called Strike
1-2: Ball
2-2: Fly out, F7 (Flyball, 7M)
Batting: LHB Ramón Córdova 0-0: Foul Ball, location: 2F
0-1: Swinging Strike
0-2: Foul Ball, location: 2F
0-2: Hit by Pitch
Batting: RHB John Hursted 0-0: Called Strike
Ramón Córdova steals 2nd base
0-1: Ball
1-1: Called Strike
1-2: Fly out, F9 (Flyball, 9M)
Batting: RHB Tom Thompson 0-0: Ball
1-0: Called Strike
1-1: Ball
2-1: Ball
3-1: Foul Ball, location: 2F
3-2: Strikes out looking
Bottom of the 5th over - 0 run(s), 0 hit(s), 0 error(s), 1 left on base; Cincinnati 2 - Wisconsin Rapids 0
TOP OF THE 6TH
Cincinnati Pride batting - Pitching for Wisconsin Rapids Rangers : LHP Manuel Perea
Batting: LHB Ricardo Brandariz 0-0: Ground out U3 (Groundball, 3L)
Batting: RHB Fernando Díaz 0-0: Ball
1-0: Ball
2-0: Ground out 6-3 (Groundball, 6M)
Batting: LHB Robin Hill 0-0: Ball
1-0: Swinging Strike
1-1: Ground out 4-3 (Groundball, 4)
Top of the 6th over - 0 run(s), 0 hit(s), 0 error(s), 0 left on base; Cincinnati 2 - Wisconsin Rapids 0
BOTTOM OF THE 6TH
Wisconsin Rapids Rangers batting - Pitching for Cincinnati Pride : RHP José Gómez
Batting: RHB Kirk Powell 0-0: Ball
1-0: SINGLE (Line Drive, 9S)
Batting: RHB Arturo Rodríguez 0-0: Ball
1-0: Ball
2-0: Fly out, F8 (Flyball, 8RM)
Pitching: RHP Tomás Pagán
Batting: RHB James Green 0-0: Ball
1-0: Swinging Strike
1-1: Grounds into double play, 6-4-3 (Groundball, 6M)
Bottom of the 6th over - 0 run(s), 1 hit(s), 0 error(s), 0 left on base; Cincinnati 2 - Wisconsin Rapids 0
TOP OF THE 7TH
Cincinnati Pride batting - Pitching for Wisconsin Rapids Rangers : LHP Manuel Perea
Batting: RHB Francisco Rincón 0-0: Ground out 5-3 (Groundball, 5)
Batting: RHB Roberto Chávez 0-0: Ball
1-0: Ball
2-0: Called Strike
2-1: Ball
3-1: Base on Balls
Batting: RHB Peter Sexton 0-0: Ball
1-0: Called Strike
1-1: Foul Ball, location: 2F
1-2: Ball
2-2: Foul Ball, location: 2F
2-2: Ball
3-2: SINGLE (Groundball, 6D) (infield hit)
Roberto Chávez to second
Pinch Hitting: RHB Bryce Hester 0-0: Swinging Strike
0-1: Foul Ball, location: 2F
0-2: Ball
1-2: Fly out, F7 (Flyball, 7M)
Batting: RHB Gabriel Villegas 0-0: Ball
1-0: Swinging Strike
1-1: Foul Ball, location: 2F
1-2: Fly out, F8 (Flyball, 8LM)
Top of the 7th over - 0 run(s), 1 hit(s), 0 error(s), 2 left on base; Cincinnati 2 - Wisconsin Rapids 0
BOTTOM OF THE 7TH
Wisconsin Rapids Rangers batting - Pitching for Cincinnati Pride : RHP Tomás Pagán
Now at 2B: Bryce Hester
Batting: RHB Danny Campbell 0-0: SINGLE (Groundball, 6MD)
Batting: RHB Ray Little 0-0: Called Strike
0-1: Grounds into double play, 6-4-3 (Groundball, 6)
Batting: LHB Ron Robinson 0-0: Called Strike
0-1: Called Strike
0-2: Ball
1-2: Strikes out looking
Bottom of the 7th over - 0 run(s), 1 hit(s), 0 error(s), 0 left on base; Cincinnati 2 - Wisconsin Rapids 0
TOP OF THE 8TH
Cincinnati Pride batting - Pitching for Wisconsin Rapids Rangers : LHP Manuel Perea
Batting: SHB Nick Marshall 0-0: Called Strike
0-1: Foul Ball, location: 2F
0-2: Ball
1-2: Foul Ball, location: 2F
1-2: Fly out, F7 (Flyball, 7LS)
Batting: LHB Ricardo Brandariz 0-0: Foul Ball, location: 2F
0-1: Ball
1-1: Swinging Strike
1-2: Foul Ball, location: 2F
1-2: Strikes out swinging
Batting: RHB Fernando Díaz 0-0: Foul Ball, location: 2F
0-1: Ground out 5-3 (Groundball, 56S)
Top of the 8th over - 0 run(s), 0 hit(s), 0 error(s), 0 left on base; Cincinnati 2 - Wisconsin Rapids 0
BOTTOM OF THE 8TH
Wisconsin Rapids Rangers batting - Pitching for Cincinnati Pride : RHP Tomás Pagán
Batting: LHB Ramón Córdova 0-0: Ball
1-0: Foul Ball, location: 2F
1-1: Swinging Strike
1-2: Strikes out swinging
Pitching: RHP Manuel Jimenen
Batting: RHB John Hursted 0-0: Ball
1-0: Ball
2-0: Called Strike
2-1: Foul Ball, location: 2F
2-2: Foul Ball, location: 2F
2-2: Foul Ball, location: 2F
2-2: Ground out 6-3 (Groundball, 6)
Batting: RHB Tom Thompson 0-0: Ball
1-0: Ball
2-0: Ground out 6-3 (Groundball, 6)
Bottom of the 8th over - 0 run(s), 0 hit(s), 0 error(s), 0 left on base; Cincinnati 2 - Wisconsin Rapids 0
TOP OF THE 9TH
Cincinnati Pride batting - Pitching for Wisconsin Rapids Rangers : LHP Manuel Perea
Pitching: LHP Russell Neal
Batting: LHB Robin Hill 0-0: Ground out 6-3 (Groundball, 6)
Batting: RHB Francisco Rincón 0-0: Foul Ball, location: 2F
0-1: Swinging Strike
0-2: Ball
1-2: Strikes out swinging
Batting: RHB Roberto Chávez 0-0: Called Strike
0-1: Foul Ball, location: 2F
0-2: Ball
1-2: Strikes out swinging
Top of the 9th over - 0 run(s), 0 hit(s), 0 error(s), 0 left on base; Cincinnati 2 - Wisconsin Rapids 0
BOTTOM OF THE 9TH
Wisconsin Rapids Rangers batting - Pitching for Cincinnati Pride : RHP Manuel Jimenen
Pitching: RHP Eusébio Lagarto
Batting: RHB Kirk Powell 0-0: Foul Ball, location: 2F
0-1: Ball
1-1: Ball
2-1: Foul Ball, location: 2F
2-2: Foul Ball, location: 2F
2-2: Foul Ball, location: 2F
2-2: Ball
3-2: Foul Ball, location: 2F
3-2: Foul Ball, location: 2F
3-2: Base on Balls
Batting: RHB Arturo Rodríguez 0-0: Called Strike
0-1: Foul Ball, location: 2F
0-2: Ball
1-2: Ball
2-2: Strikes out swinging
Pinch Hitting: RHB Bruce Brooks 0-0: Foul Ball, location: 2F
0-1: Ball
1-1: Foul Ball, location: 2F
1-2: Ball
2-2: Ball
3-2: Base on Balls
Kirk Powell to second
Pinch Hitting: RHB Jeffrey Lee 0-0: Ball
1-0: Ball
2-0: Swinging Strike
2-1: Called Strike
2-2: Fly out, F8 (Flyball, 8LM)
Batting: RHB Ray Little 0-0: Ball
1-0: SINGLE (Flyball, 89S)
Kirk Powell to third
Bruce Brooks to second
Batting: LHB Ron Robinson 0-0: Called Strike
0-1: Foul Ball, location: 2F
0-2: SINGLE (Groundball, 6MD)
Kirk Powell scores
Bruce Brooks to third
Ray Little to second
Runner from 3rd tries for Home, SAFE, no throw or cutoff
Batting: LHB Ramón Córdova 0-0: Ball
1-0: Foul Ball, location: 2F
1-1: Called Strike
1-2: Foul Ball, location: 2F
1-2: Strikes out swinging
Bottom of the 9th over - 2 run(s), 2 hit(s), 0 error(s), 2 left on base; Cincinnati 2 - Wisconsin Rapids 2
TOP OF THE 10TH
Cincinnati Pride batting - Pitching for Wisconsin Rapids Rangers : LHP Russell Neal
Pitching: RHP Ramiro Maestas
Now at SS: Jeffrey Lee
Now in CF: Bruce Brooks
Pinch Hitting: LHB Carlos Valle 0-0: Foul Ball, location: 2F
0-1: Ball
1-1: Called Strike
1-2: Ball
2-2: Ball
3-2: Fly out, F5 (Line Drive, 56S)
Batting: RHB Bryce Hester 0-0: Called Strike
0-1: Ball
1-1: Hit by Pitch
Batting: RHB Gabriel Villegas 0-0: Ball
1-0: Foul Ball, location: 2F
1-1: Foul Ball, location: 2F
1-2: Foul Ball, location: 2F
1-2: SINGLE (Line Drive, 56D)
Bryce Hester to second
Batting: SHB Nick Marshall 0-0: Ball
1-0: Ball
2-0: SINGLE (Groundball, 4M)
Bryce Hester to third
Gabriel Villegas to second
Batting: LHB Ricardo Brandariz 0-0: Fly out, F9 (Line Drive, 89S)
Batting: RHB Fernando Díaz 0-0: Ball
1-0: Ball
2-0: Called Strike
2-1: Foul Ball, location: 2F
2-2: Foul Ball, location: 2F
2-2: Foul Ball, location: 2F
2-2: Foul Ball, location: 2F
2-2: Ball
3-2: Foul Ball, location: 2F
3-2: Ground out 4-3 (Groundball, 4)
Top of the 10th over - 0 run(s), 2 hit(s), 0 error(s), 3 left on base; Cincinnati 2 - Wisconsin Rapids 2
BOTTOM OF THE 10TH
Wisconsin Rapids Rangers batting - Pitching for Cincinnati Pride : RHP Eusébio Lagarto
Now at SS: Geoffrey Joyner
Batting: RHB John Hursted 0-0: Swinging Strike
0-1: Foul Ball, location: 2F
0-2: Strikes out looking
Batting: RHB Tom Thompson 0-0: Called Strike
0-1: Ball
1-1: Foul Ball, location: 2F
1-2: Ball
2-2: Strikes out swinging
Batting: RHB Kirk Powell 0-0: Called Strike
0-1: Foul Ball, location: 2F
0-2: Ball
1-2: Strikes out swinging
Bottom of the 10th over - 0 run(s), 0 hit(s), 0 error(s), 0 left on base; Cincinnati 2 - Wisconsin Rapids 2
TOP OF THE 11TH
Cincinnati Pride batting - Pitching for Wisconsin Rapids Rangers : RHP Ramiro Maestas
Pitching: LHP Jorge Martínez
Batting: LHB Robin Hill 0-0: Ball
1-0: SINGLE (Groundball, 34D)
Batting: RHB Francisco Rincón 0-0: Ball
1-0: SINGLE (Groundball, 34D)
Robin Hill to second
Runner from 2nd tries for 3rd, SAFE, no throw or cutoff
Batting: RHB Roberto Chávez 0-0: Foul Ball, location: 2F
0-1: Fly out, F9 (Flyball, 89M)
Runner from 3rd tags up, SCORES, no throw
Pinch Runner at 1st Roger Clay:
Pinch Hitting: RHB Leonardo Pinto 0-0: Called Strike
0-1: Foul Ball, location: 2F
0-2: Foul Ball, location: 2F
0-2: Foul Ball, location: 2F
0-2: Ball
1-2: Strikes out swinging
Batting: RHB Bryce Hester 0-0: Called Strike
0-1: Ball
1-1: Fly out, F9 (Popup, 89S)
Top of the 11th over - 1 run(s), 2 hit(s), 0 error(s), 1 left on base; Cincinnati 3 - Wisconsin Rapids 2
BOTTOM OF THE 11TH
Wisconsin Rapids Rangers batting - Pitching for Cincinnati Pride : RHP Eusébio Lagarto
Pitching: LHP José Alaniz
Now at 2B: Leonardo Pinto
Now at SS: Roger Clay
Batting: RHB Arturo Rodríguez 0-0: Called Strike
0-1: Swinging Strike
0-2: Ball
1-2: Ball
2-2: Ball
3-2: Foul Ball, location: 2F
3-2: Base on Balls
Batting: RHB Bruce Brooks 0-0: Bunted foul
0-1: Sac Bunt - play at first, batter OUT! 2-4
Arturo Rodríguez to second
Batting: RHB Jeffrey Lee 0-0: Ball
1-0: Foul Ball, location: 2F
1-1: DOUBLE (Groundball, 3D)
Arturo Rodríguez scores
Batting: RHB Ray Little 0-0: Intentional Walk
Batting: LHB Ron Robinson 0-0: Foul Ball, location: 2F
0-1: Swinging Strike
0-2: Foul Ball, location: 2F
0-2: Ball
1-2: Ball
2-2: Foul Ball, location: 2F
2-2: Foul Ball, location: 2F
2-2: Strikes out swinging
Pinch Hitting: RHB Vernon Romo 0-0: Ball
1-0: SINGLE (Line Drive, 56D)
Jeffrey Lee to third
Ray Little to second
Batting: RHB John Hursted 0-0: Foul Ball, location: 2F
0-1: Swinging Strike
0-2: Strikes out looking
Bottom of the 11th over - 1 run(s), 2 hit(s), 0 error(s), 3 left on base; Cincinnati 3 - Wisconsin Rapids 3
TOP OF THE 12TH
Cincinnati Pride batting - Pitching for Wisconsin Rapids Rangers : LHP Jorge Martínez
Now at SS: Robert Acosta
Batting: RHB Gabriel Villegas 0-0: Ball
1-0: Foul Ball, location: 2F
1-1: Foul Ball, location: 2F
1-2: Foul Ball, location: 2F
1-2: Strikes out swinging
Batting: SHB Nick Marshall 0-0: Ball
1-0: Swinging Strike
1-1: Foul Ball, location: 2F
1-2: Foul Ball, location: 2F
1-2: Strikes out swinging
Batting: LHB Ricardo Brandariz 0-0: Ball
1-0: Foul Ball, location: 2F
1-1: Ball
2-1: Ball
3-1: SINGLE (Groundball, 6MD)
Batting: RHB Fernando Díaz 0-0: Ball
1-0: Fly out, F8 (Flyball, 8LD)
Top of the 12th over - 0 run(s), 1 hit(s), 0 error(s), 1 left on base; Cincinnati 3 - Wisconsin Rapids 3
BOTTOM OF THE 12TH
Wisconsin Rapids Rangers batting - Pitching for Cincinnati Pride : LHP José Alaniz
Batting: RHB Tom Thompson 0-0: SINGLE (Line Drive, 4D)
Batting: RHB Kirk Powell 0-0: Ball
1-0: Ball
2-0: Called Strike
2-1: Foul Ball, location: 2F
2-2: Strikes out swinging
Batting: RHB Arturo Rodríguez 0-0: Ball
1-0: Foul Ball, location: 2F
1-1: Ball
2-1: Foul Ball, location: 2F
2-2: Grounds into double play, 6-4-3 (Groundball, 6M)
Bottom of the 12th over - 0 run(s), 1 hit(s), 0 error(s), 0 left on base; Cincinnati 3 - Wisconsin Rapids 3
TOP OF THE 13TH
Cincinnati Pride batting - Pitching for Wisconsin Rapids Rangers : LHP Jorge Martínez
Batting: LHB Robin Hill 0-0: Called Strike
0-1: Ball
1-1: Swinging Strike
1-2: Foul Ball, location: 2F
1-2: Strikes out swinging
Batting: RHB Roger Clay 0-0: Called Strike
0-1: Fly out, F2 (Popup, 2LF)
Batting: RHB Roberto Chávez 0-0: Ball
1-0: Ball
2-0: Called Strike
2-1: DOUBLE (Line Drive, 89S)
Batting: RHB Leonardo Pinto 0-0: Ball
1-0: Ball
2-0: Ball
3-0: Base on Balls
Batting: RHB Bryce Hester 0-0: Ball
1-0: Ball
2-0: Called Strike
2-1: Foul Ball, location: 2F
2-2: Foul Ball, location: 2F
2-2: Foul Ball, location: 2F
2-2: Fielders Choice at 2nd, U6 (Groundball, 6M)
Top of the 13th over - 0 run(s), 1 hit(s), 0 error(s), 2 left on base; Cincinnati 3 - Wisconsin Rapids 3
BOTTOM OF THE 13TH
Wisconsin Rapids Rangers batting - Pitching for Cincinnati Pride : LHP José Alaniz
Batting: RHB Bruce Brooks 0-0: Called Strike
0-1: Ball
1-1: Called Strike
1-2: Fly out, F8 (Flyball, 8LM)
Pitching: LHP Weston Harper
Batting: RHB Jeffrey Lee 0-0: DOUBLE (Flyball, 7LM)
Batting: RHB Ray Little 0-0: Intentional Walk
Batting: LHB Ron Robinson 0-0: SINGLE (Line Drive, 8RS)
Jeffrey Lee to third
Ray Little to second
Runner from 3rd tries for Home, SAFE, no throw or cutoff
This league is powered by Out of the Park Baseball, the baseball management simulation game for PC, Mac and Linux
Wednesday, December 2nd, 2015 - OOTP Baseball 16.8 Build 38